Monsters vs Senators (R1)

Created - April 9, 2022 at 22:06

Goals
1 2 3 T
Monsters 0 3 1 4
Senators 3 3 2 8
Shots
1 2 3 T
Monsters 11 14 12 37
Senators 9 13 12 34

1st period

1. Senators , Zemgus Girgensons 30 (Oliver Bjorkstrand 25, Jacob De La Rose 4) at 8:41
2. Senators , Zachary Sanford 29 (Christoph Bertschy 41, Dmitry Sinitsyn 31) at 14:07 (PP)
3. Senators , Oliver Bjorkstrand 21 (Zemgus Girgensons 20, Zachary Sanford 38) at 19:23

Penalties :
Zachary Sanford (Bel) for Hooking (Minor) at 9:47, Matt Grzelcyk (Cle) for Interference (Minor) at 13:59, Keegan Lowe (Bel) for Hooking (Minor) at 15:46

2nd period

4. Monsters , Ondrej Kase 24 (Mitch Marner 20, Richard Nejezchleb 4) at 6:09
5. Monsters , Austin Watson 15 (Dillon Heatherington 12) at 7:23
6. Senators , Christoph Bertschy 27 (Zachary Sanford 39, Tomas Jurco 27) at 10:59
7. Monsters , Austin Watson 16 (Richard Nejezchleb 5, Mitch Marner 21) at 13:46
8. Senators , Zemgus Girgensons 31 (Oliver Bjorkstrand 26) at 15:51
9. Senators , Oliver Bjorkstrand 22 (Zemgus Girgensons 21, Garret Sparks) at 18:49 (PP)

Penalties :
Joakim Nordstrom (Cle) for Goalie Interference (Minor) at 3:43, Richard Nejezchleb (Cle) for Tripping (Minor) at 18:14

3rd period

10. Senators , Christoph Bertschy 28 (Zachary Sanford 40, Tomas Jurco 28) at 1:27
11. Monsters , Ryan Fitzgerald 7 (Mitch Marner 22, Morgan Rielly 25) at 8:23
12. Senators , A.J. Jenks 11 (Dmitry Sinitsyn 32, Jordan Schroeder 28) at 12:37

Penalties :
Ondrej Kase (Cle) for Interference (Minor) at 4:08

Goalie Stats

Eric Comrie (Cle), 13 saves from 17 shots - (0.765), 30:59 minutes
Phoenix Copley (Cle), 13 saves from 17 shots - (0.765), L, 9-10-1, 29:01 minutes
Garret Sparks (Bel), 33 saves from 37 shots - (0.892), W, 9-6-1, 60:00 minutes

Players Stats for Monsters

Player Name              G  A  P  +/- PIM S  H  SB GA TA FO     MP     PP MP  PK MP  
------------------------------------------------------------------------------------
Aaron Ness               0  0  0   0  0   2  0  0  1  2  0/0    29:02   2:30   3:26 
Austin Watson            2  0  2   3  0   4  2  1  1  0  1/2    18:12   1:50   0:41 
Bobby Farnham            0  0  0  -2  0   2  1  1  0  1  0/0    11:02   0:00   0:00 
Christian Hanson         0  0  0  -3  0   2  0  0  0  1  23/38  23:41   2:08   2:46 
Dillon Heatherington     0  1  1   0  0   1  0  2  0  0  0/0    19:11   1:28   1:15 
Francis Perron           0  0  0   0  0   0  0  0  0  0  0/0     1:11   0:00   0:00 
Joakim Nordstrom         0  0  0  -1  2   2  4  0  0  0  0/0    12:03   0:00   0:35 
Matt Calvert             0  0  0  -3  0   4  1  0  2  0  4/7    23:41   2:08   2:46 
Matt Grzelcyk            0  0  0   0  2   4  1  0  2  1  0/0    19:10   1:28   1:15 
Maxim Mamin              0  0  0  -2  0   0  1  0  0  1  2/5    11:55   0:00   0:53 
Mitch Marner             0  3  3   4  0   2  3  0  0  1  0/0    19:09   1:50   1:11 
Morgan Rielly            0  1  1   0  0   3  0  1  1  2  0/0    29:02   2:30   3:26 
Nathan Noel              0  0  0  -1  0   1  1  0  0  0  0/4     5:24   0:00   0:00 
Ondrej Kase              1  0  1  -2  2   7  4  1  0  1  2/6    21:51   2:08   0:30 
Patrik Laine             0  0  0  -1  0   1  1  0  0  0  0/0     5:24   0:00   0:00 
Richard Nejezchleb       0  2  2  -3  2   0  1  2  0  0  0/0    15:59   0:00   0:00 
Ryan Fitzgerald          1  0  1   3  0   2  1  0  0  0  9/12   17:31   1:50   0:00 
Tarmo Reunanen           0  0  0  -2  0   0  0  1  0  1  0/0    11:47   0:00   0:00 

Players Stats for Senators

Player Name              G  A  P  +/- PIM S  H  SB GA TA FO     MP     PP MP  PK MP  
------------------------------------------------------------------------------------
A.J. Jenks               1  0  1   1  0   3  1  0  0  0  0/0    10:36   0:00   1:23 
Chandler Stephenson      0  0  0   0  0   0  0  0  0  0  0/0     0:41   0:00   0:41 
Christoph Bertschy       2  1  3   2  0   3  0  1  1  0  23/50  22:47   2:47   2:17 
Dmitry Sinitsyn          0  2  2   1  0   1  1  0  0  2  0/0    25:48   3:00   2:24 
Grant Besse              0  0  0   1  0   0  1  0  0  1  0/0     9:07   0:00   0:00 
Jacob De La Rose         0  1  1   0  0   0  2  0  0  1  4/13   18:27   1:54   0:47 
Jonas Siegenthaler       0  0  0   0  0   1  0  0  0  0  0/0     4:26   0:00   0:00 
Joonas Lyytinen          0  0  0  -1  0   0  1  0  0  0  0/0    11:11   0:00   0:40 
Jordan Schroeder         0  1  1   1  0   2  2  0  0  0  0/1     9:07   0:00   0:00 
Keegan Lowe              0  0  0   2  2   0  0  1  2  0  0/0    18:24   1:41   0:44 
Kevin Rooney             0  0  0  -1  0   1  0  0  0  0  5/6     8:39   0:00   0:00 
Mason Geertsen           0  0  0   0  0   0  1  0  0  0  0/0     4:42   0:00   0:10 
Michael Matheson         0  0  0   1  0   1  3  1  2  0  0/0    25:48   3:00   2:24 
Nikita Nesterov          0  0  0  -1  0   0  1  1  0  0  0/0    10:31   0:00   0:00 
Oliver Bjorkstrand       2  2  4   0  0   3  0  0  1  1  0/0    17:17   1:54   0:00 
Scott Harrington         0  0  0   2  0   0  2  1  0  2  0/0    19:15   1:41   1:34 
Tomas Jurco              0  2  2   2  0   1  5  2  2  0  0/1    20:30   2:47   0:00 
Vitaly Abramov           0  0  0  -1  0   1  0  0  0  0  0/0     9:17   0:00   0:09 
William Bitten           0  0  0  -1  0   0  0  0  0  0  0/0     8:39   0:00   0:00 
Zachary Sanford          1  3  4   2  2   11 2  0  2  0  0/2    21:56   2:47   1:04 
Zemgus Girgensons        2  2  4   0  0   6  6  1  1  0  1/1    18:52   1:54   1:35 

3 Stars

1 - Zemgus Girgensons (Bel)
2 - Christoph Bertschy (Bel)
3 - Oliver Bjorkstrand (Bel)

Power Play

Monsters - 0 on 2 Attempt(s) - 0.00%
Senators - 2 on 4 Attempt(s) - 50.00%

Penalty Kill

Monsters - 2 on 4 Attempt(s) - 50.00% - Score 0 goal in Penalty Kill
Senators - 2 on 2 Attempt(s) - 100.00% - Score 0 goal in Penalty Kill

Team Stat

Monsters - Hits : 21 - Faceoff Wins : 41 - Blocked Shots : 9 - Penalty Minutes : 8
Senators - Hits : 28 - Faceoff Wins : 33 - Blocked Shots : 8 - Penalty Minutes : 4

Official

Referees : Chris Rooney and Dan O'Rourke
Linesman : Bryan Pancich and Shandor Alphonso

Game Notes

Phoenix Copley enters game at 10:59 of 2nd period

Finance

Level 1 -- Attendance: 1964 (98.20%) -- Ticket Income $68,740
Level 2 -- Attendance: 878 (87.80%) -- Ticket Income $13,170
Total Attendance: 2842 (94.73%)
Total Ticket Income: $81,910
Other Income: $4,096
Total Income: $86,006

Monsters

5 vs 5 Forward 
   Center                   Left Wing                Right Wing               Time % Phy DF OF 
 1 Christian Hanson         Matt Calvert             Ondrej Kase              40     1   2  2  
 2 Ryan Fitzgerald          Austin Watson            Mitch Marner             30     1   2  2  
 3 Maxim Mamin              Joakim Nordstrom         Bobby Farnham            20     1   2  2  
 4 Nathan Noel              Patrik Laine             Richard Nejezchleb       10     1   2  2  

5 vs 5 Defense 
   Defense                  Defense                                           Time % Phy DF OF 
 1 Morgan Rielly            Aaron Ness                                        40     1   2  2  
 2 Dillon Heatherington     Matt Grzelcyk                                     30     1   2  2  
 3 Tarmo Reunanen           Richard Nejezchleb                                20     1   2  2  
 4 Morgan Rielly            Aaron Ness                                        10     1   2  2  

PowerPlay Forward 
   Center                   Left Wing                Right Wing               Time % Phy DF OF 
 1 Christian Hanson         Matt Calvert             Ondrej Kase              60     1   2  2  
 2 Ryan Fitzgerald          Austin Watson            Mitch Marner             40     1   2  2  

PowerPlay Defense
   Defense                  Defense                                           Time % Phy DF OF 
 1 Morgan Rielly            Aaron Ness                                        60     1   2  2  
 2 Dillon Heatherington     Matt Grzelcyk                                     40     1   2  2  

Penalty Kill 4 Players Forward 
   Center                   Wing                     Time % Phy DF OF 
 1 Matt Calvert             Christian Hanson         60     1   2  2  
 2 Ondrej Kase              Mitch Marner             40     1   2  2  

Penalty Kill 4 Players Defense
   Defense                  Defense                  Time % Phy DF OF 
 1 Morgan Rielly            Aaron Ness               60     1   2  2  
 2 Dillon Heatherington     Matt Grzelcyk            40     1   2  2  

Penalty Kill - 3 Players Forward 
   Forward                                           Time % Phy DF OF 
 1 Matt Calvert                                      60     1   2  2  
 2 Christian Hanson                                  40     1   2  2  

Penalty Kill - 3 Players Defense
   Defense                  Defense                  Time % Phy DF OF 
 1 Morgan Rielly            Aaron Ness               60     1   2  2  
 2 Dillon Heatherington     Matt Grzelcyk            40     1   2  2  

4 vs 4 Forward 
   Center                   Wing                     Time % Phy DF OF 
 1 Matt Calvert             Christian Hanson         60     1   2  2  
 2 Ondrej Kase              Mitch Marner             40     1   2  2  

4 vs 4 Defense
   Defense                  Defense                  Time % Phy DF OF 
 1 Morgan Rielly            Aaron Ness               60     1   2  2  
 2 Dillon Heatherington     Matt Grzelcyk            40     1   2  2  

Last Minutes Offensive
   Center                   Left Wing                Right Wing               Defense                  Defense                  
   Christian Hanson         Matt Calvert             Ondrej Kase              Morgan Rielly            Aaron Ness               

Last Minutes Defensive
   Center                   Left Wing                Right Wing               Defense                  Defense                  
   Christian Hanson         Matt Calvert             Ondrej Kase              Morgan Rielly            Aaron Ness               

Goaltenders
Starting : Eric Comrie              
Backup : Phoenix Copley           

Extra Forwards
Normal : Francis Perron, Bobby Farnham, Joakim Nordstrom - PP : Francis Perron, Bobby Farnham - PK : Joakim Nordstrom
Extra Defensemen
Normal : Tarmo Reunanen, Dillon Heatherington, Matt Grzelcyk - PP : Tarmo Reunanen - PK : Dillon Heatherington, Matt Grzelcyk
Penalty Shots
Matt Calvert, Christian Hanson, Ondrej Kase, Mitch Marner, Bobby Farnham

Scratches
Cameron Hughes (Healthy), Jared Knight (Lower Body Injury), Victor Mete (Left Hand Injury), Marc Michaelis (Healthy), Peyton Jones (Healthy)

Senators

5 vs 5 Forward 
   Center                   Left Wing                Right Wing               Time % Phy DF OF 
 1 Christoph Bertschy       Zachary Sanford          Tomas Jurco              40     1   2  2  
 2 Jacob De La Rose         Zemgus Girgensons        Oliver Bjorkstrand       30     1   2  2  
 3 Jordan Schroeder         A.J. Jenks               Grant Besse              15     1   2  2  
 4 Kevin Rooney             Vitaly Abramov           William Bitten           15     1   2  2  

5 vs 5 Defense 
   Defense                  Defense                                           Time % Phy DF OF 
 1 Michael Matheson         Dmitry Sinitsyn                                   40     1   2  2  
 2 Keegan Lowe              Scott Harrington                                  30     1   2  2  
 3 Nikita Nesterov          Joonas Lyytinen                                   20     1   2  2  
 4 Mason Geertsen           Jonas Siegenthaler                                10     1   2  2  

PowerPlay Forward 
   Center                   Left Wing                Right Wing               Time % Phy DF OF 
 1 Christoph Bertschy       Zachary Sanford          Tomas Jurco              60     0   1  4  
 2 Jacob De La Rose         Zemgus Girgensons        Oliver Bjorkstrand       40     0   1  4  

PowerPlay Defense
   Defense                  Defense                                           Time % Phy DF OF 
 1 Michael Matheson         Dmitry Sinitsyn                                   60     1   2  2  
 2 Keegan Lowe              Scott Harrington                                  40     1   2  2  

Penalty Kill 4 Players Forward 
   Center                   Wing                     Time % Phy DF OF 
 1 Christoph Bertschy       Zachary Sanford          60     1   2  2  
 2 Jacob De La Rose         Zemgus Girgensons        40     1   2  2  

Penalty Kill 4 Players Defense
   Defense                  Defense                  Time % Phy DF OF 
 1 Michael Matheson         Dmitry Sinitsyn          60     1   2  2  
 2 Keegan Lowe              Scott Harrington         40     1   2  2  

Penalty Kill - 3 Players Forward 
   Forward                                           Time % Phy DF OF 
 1 Christoph Bertschy                                60     1   2  2  
 2 Jacob De La Rose                                  40     1   2  2  

Penalty Kill - 3 Players Defense
   Defense                  Defense                  Time % Phy DF OF 
 1 Michael Matheson         Dmitry Sinitsyn          60     1   2  2  
 2 Keegan Lowe              Scott Harrington         40     1   2  2  

4 vs 4 Forward 
   Center                   Wing                     Time % Phy DF OF 
 1 Christoph Bertschy       Zachary Sanford          60     1   2  2  
 2 Jacob De La Rose         Zemgus Girgensons        40     1   2  2  

4 vs 4 Defense
   Defense                  Defense                  Time % Phy DF OF 
 1 Michael Matheson         Dmitry Sinitsyn          60     1   2  2  
 2 Keegan Lowe              Scott Harrington         40     1   2  2  

Last Minutes Offensive
   Center                   Left Wing                Right Wing               Defense                  Defense                  
   Christoph Bertschy       Zachary Sanford          Tomas Jurco              Michael Matheson         Dmitry Sinitsyn          

Last Minutes Defensive
   Center                   Left Wing                Right Wing               Defense                  Defense                  
   Christoph Bertschy       Zachary Sanford          Tomas Jurco              Michael Matheson         Dmitry Sinitsyn          

Goaltenders
Starting : Garret Sparks            
Backup : Scott Wedgewood          

Extra Forwards
Normal : A.J. Jenks, Christoph Bertschy, Jacob De La Rose - PP : A.J. Jenks, Christoph Bertschy - PK : A.J. Jenks
Extra Defensemen
Normal : Joonas Lyytinen, Mason Geertsen, Jonas Siegenthaler - PP : Joonas Lyytinen - PK : Joonas Lyytinen, Mason Geertsen
Penalty Shots
Tomas Jurco, Oliver Bjorkstrand, Zachary Sanford, Zemgus Girgensons, A.J. Jenks

Scratches
Gustav Forsling (Healthy), Arttu Ruotsalainen (Healthy), Cliff Pu (Healthy), Keven Bouchard (Healthy)

% Time on Ice - Monsters

Lines # - Real PCT - Wanted PCT - Time Play
Normal Forward
1 - 37% - 40% - 18:47
2 - 31% - 30% - 16:08
3 - 21% - 20% - 11:02
4 - 11% - 10% - 5:24
Normal Defense
1 - 40% - 40% - 20:35
2 - 32% - 30% - 16:28
3 - 23% - 20% - 11:47
4 - 5% - 10% - 2:31
PP Forward
1 - 54% - 60% - 2:08
2 - 46% - 40% - 1:50
PP Defense
1 - 63% - 60% - 2:30
2 - 37% - 40% - 1:28
PK Forward
1 - 75% - 60% - 3:30
2 - 25% - 40% - 1:11
PK Defense
1 - 73% - 60% - 3:26
2 - 27% - 40% - 1:15
PK3 Forward
1 - 0% - 60%
2 - 0% - 40%
PK3 Defense
1 - 0% - 60%
2 - 0% - 40%
44 Forward
1 - 0% - 60%
2 - 0% - 40%
44 Defense
1 - 0% - 60%
2 - 0% - 40%
Last Minute Offensive  - 0:00
Last Minute Defensive  - 0:00
Total
Forward - 60:00
Defense - 60:00

% Time on Ice - Senators

Lines # - Real PCT - Wanted PCT - Time Play
Normal Forward
1 - 35% - 40% - 18:12
2 - 30% - 30% - 15:23
3 - 18% - 15% - 9:07
4 - 17% - 15% - 8:39
Normal Defense
1 - 40% - 40% - 20:24
2 - 31% - 30% - 16:00
3 - 20% - 20% - 10:31
4 - 9% - 10% - 4:26
PP Forward
1 - 59% - 60% - 2:47
2 - 41% - 40% - 1:54
PP Defense
1 - 64% - 60% - 3:00
2 - 36% - 40% - 1:41
PK Forward
1 - 82% - 60% - 3:16
2 - 18% - 40% - 0:42
PK Defense
1 - 61% - 60% - 2:24
2 - 39% - 40% - 1:34
PK3 Forward
1 - 0% - 60%
2 - 0% - 40%
PK3 Defense
1 - 0% - 60%
2 - 0% - 40%
44 Forward
1 - 0% - 60%
2 - 0% - 40%
44 Defense
1 - 0% - 60%
2 - 0% - 40%
Last Minute Offensive  - 0:00
Last Minute Defensive  - 0:00
Total
Forward - 60:00
Defense - 60:00

Play-by-Play

1st period


0:01 of 1st period - Christian Hanson wins face-off versus Zachary Sanford in neutral zone.
0:49 of 1st period - A.J. Jenks is hit by Joakim Nordstrom and loses puck.
1:00 of 1st period - Bobby Farnham is hit by A.J. Jenks and loses puck.
1:19 of 1st period - Slapshot by Patrik Laine.
1:19 of 1st period - Shot Misses the Net.
1:21 of 1st period - Backhand shot by Matt Grzelcyk.
1:21 of 1st period - Stopped by Garret Sparks with a rebound.
1:44 of 1st period - Snap shot by Christian Hanson.
1:44 of 1st period - Stopped by Garret Sparks with a rebound.
1:46 of 1st period - Snap shot by Ondrej Kase.
1:46 of 1st period - Stopped by Garret Sparks without a rebound.
1:47 of 1st period - Ryan Fitzgerald wins face-off versus Jacob De La Rose in Senators zone.
1:59 of 1st period - Icing by Jacob De La Rose.
2:00 of 1st period - Christian Hanson wins face-off versus Jacob De La Rose in Senators zone.
2:15 of 1st period - Slapshot by Christian Hanson.
2:15 of 1st period - Shot Misses the Net.
2:27 of 1st period - Slapshot by Zachary Sanford.
2:27 of 1st period - Stopped by Eric Comrie with a rebound.
2:29 of 1st period - Snap shot by Zachary Sanford.
2:29 of 1st period - Stopped by Eric Comrie without a rebound.
2:30 of 1st period - Maxim Mamin wins face-off versus Christoph Bertschy in Monsters zone.
4:00 of 1st period - Wrist shot by Zemgus Girgensons.
4:00 of 1st period - Stopped by Eric Comrie without a rebound.
4:01 of 1st period - Kevin Rooney wins face-off versus Nathan Noel in Monsters zone.
4:16 of 1st period - Slapshot by Kevin Rooney.
4:16 of 1st period - Shot Misses the Net.
4:26 of 1st period - Dillon Heatherington is hit by Zemgus Girgensons and loses puck.
4:49 of 1st period - Ryan Fitzgerald is hit by Tomas Jurco and loses puck.
5:27 of 1st period - Off-side.
5:28 of 1st period - Kevin Rooney wins face-off versus Nathan Noel in neutral zone.
5:31 of 1st period - Slapshot by Michael Matheson.
5:31 of 1st period - Stopped by Eric Comrie without a rebound.
5:32 of 1st period - Kevin Rooney wins face-off versus Nathan Noel in Monsters zone.
6:02 of 1st period - Wrist shot by Ondrej Kase.
6:02 of 1st period - Stopped by Garret Sparks with a rebound.
6:24 of 1st period - Joonas Lyytinen is hit by Mitch Marner.
6:50 of 1st period - Wrist shot by Joakim Nordstrom.
6:50 of 1st period - Stopped by Garret Sparks with a rebound.
6:56 of 1st period - Jordan Schroeder is hit by Maxim Mamin and loses puck.
7:11 of 1st period - Snap shot by Vitaly Abramov.
7:11 of 1st period - Shot Blocked by Tarmo Reunanen.
7:54 of 1st period - Snap shot by Mitch Marner.
7:54 of 1st period - Shot Misses the Net.
7:56 of 1st period - Wrist shot by Austin Watson.
7:56 of 1st period - Stopped by Garret Sparks without a rebound.
7:57 of 1st period - Ryan Fitzgerald wins face-off versus Jacob De La Rose in Senators zone.
8:07 of 1st period - Icing by Michael Matheson.
8:08 of 1st period - Christian Hanson wins face-off versus Jacob De La Rose in Senators zone.
8:41 of 1st period - Wrist shot by Zemgus Girgensons.
8:41 of 1st period - Goal by Zemgus Girgensons - Monsters : 0 - Senators : 1.
8:42 of 1st period - Ryan Fitzgerald wins face-off versus Christoph Bertschy in neutral zone.
8:45 of 1st period - Slapshot by Morgan Rielly.
8:45 of 1st period - Stopped by Garret Sparks with a rebound.
8:47 of 1st period - Wrist shot by Ryan Fitzgerald.
8:47 of 1st period - Shot Misses the Net.
8:49 of 1st period - Wrist shot by Aaron Ness.
8:49 of 1st period - Deflect By Mason Geertsen.
8:49 of 1st period - Stopped by Garret Sparks with a rebound.
8:51 of 1st period - Slapshot by Morgan Rielly.
8:51 of 1st period - Shot Misses the Net.
9:28 of 1st period - Bobby Farnham is hit by Zemgus Girgensons and loses puck.
9:34 of 1st period - Off-side.
9:35 of 1st period - Christian Hanson wins face-off versus Christoph Bertschy in neutral zone.
9:38 of 1st period - Snap shot by Ondrej Kase.
9:38 of 1st period - Shot Blocked by Tomas Jurco.
9:47 of 1st period - Minor Penalty to Zachary Sanford for Hooking.
9:48 of 1st period - Christoph Bertschy wins face-off versus Matt Calvert in Senators zone.
10:21 of 1st period - Off-side.
10:22 of 1st period - Ryan Fitzgerald wins face-off versus Christoph Bertschy in neutral zone.
11:47 of 1st period - Penalty to Zachary Sanford is over, Zachary Sanford is back on ice.
11:56 of 1st period - Joonas Lyytinen is hit by Joakim Nordstrom and loses puck.
12:01 of 1st period - Snap shot by Bobby Farnham.
12:01 of 1st period - Shot Misses the Net.
12:03 of 1st period - Snap shot by Maxim Mamin.
12:03 of 1st period - Shot Hit the Post.
12:13 of 1st period - Richard Nejezchleb is hit by Joonas Lyytinen and loses puck.
12:22 of 1st period - Jonas Siegenthaler is hit by Richard Nejezchleb and loses puck.
13:09 of 1st period - Ondrej Kase is hit by Mason Geertsen and loses puck.
13:21 of 1st period - Off-side.
13:22 of 1st period - Christoph Bertschy wins face-off versus Maxim Mamin in neutral zone.
13:25 of 1st period - Joakim Nordstrom is hit by Tomas Jurco and loses puck.
13:30 of 1st period - Slapshot by Christoph Bertschy.
13:30 of 1st period - Deflect By Tomas Jurco.
13:30 of 1st period - Shot Misses the Net.
13:30 of 1st period - Puck is out of play.
13:31 of 1st period - Christian Hanson wins face-off versus Jacob De La Rose in Monsters zone.
13:59 of 1st period - Minor Penalty to Matt Grzelcyk for Interference.
14:00 of 1st period - Christoph Bertschy wins face-off versus Matt Calvert in Monsters zone.
14:03 of 1st period - Slapshot by Zachary Sanford.
14:03 of 1st period - Stopped by Eric Comrie with a rebound.
14:05 of 1st period - Slapshot by Dmitry Sinitsyn.
14:05 of 1st period - Shot Misses the Net.
14:07 of 1st period - Snap shot by Christoph Bertschy.
14:07 of 1st period - Deflect By Zachary Sanford.
14:07 of 1st period - Goal by Zachary Sanford - Monsters : 0 - Senators : 2.
14:08 of 1st period - Matt Calvert wins face-off versus Christoph Bertschy in neutral zone.
14:40 of 1st period - Jacob De La Rose is hit by Ryan Fitzgerald and loses puck.
15:00 of 1st period - Slapshot by Dmitry Sinitsyn.
15:00 of 1st period - Shot Blocked by Dillon Heatherington.
15:02 of 1st period - Backhand shot by Dmitry Sinitsyn.
15:02 of 1st period - Deflect By Grant Besse.
15:02 of 1st period - Shot Misses the Net.
15:02 of 1st period - Puck is out of play.
15:03 of 1st period - Christoph Bertschy wins face-off versus Christian Hanson in Monsters zone.
15:06 of 1st period - Wrist shot by Zachary Sanford.
15:06 of 1st period - Shot Misses the Net.
15:16 of 1st period - Snap shot by Christoph Bertschy.
15:16 of 1st period - Shot Misses the Net.
15:18 of 1st period - Wrist shot by Tomas Jurco.
15:18 of 1st period - Stopped by Eric Comrie without a rebound.
15:19 of 1st period - Ryan Fitzgerald wins face-off versus Jacob De La Rose in Monsters zone.
15:19 of 1st period - Ryan Fitzgerald is hit by Scott Harrington.
15:46 of 1st period - Minor Penalty to Keegan Lowe for Hooking.
15:47 of 1st period - Christian Hanson wins face-off versus Christoph Bertschy in Senators zone.
15:48 of 1st period - Snap shot by Ondrej Kase.
15:48 of 1st period - Shot Misses the Net.
15:52 of 1st period - Snap shot by Matt Calvert.
15:52 of 1st period - Stopped by Garret Sparks without a rebound.
15:53 of 1st period - Christoph Bertschy wins face-off versus Christian Hanson in Senators zone.
17:46 of 1st period - Penalty to Keegan Lowe is over, Keegan Lowe is back on ice.
18:17 of 1st period - Snap shot by Grant Besse.
18:17 of 1st period - Shot Blocked by Morgan Rielly.
18:40 of 1st period - Joakim Nordstrom is hit by Zemgus Girgensons and loses puck.
18:53 of 1st period - Kevin Rooney is hit by Ondrej Kase and loses puck.
19:23 of 1st period - Slapshot by Oliver Bjorkstrand.
19:23 of 1st period - Goal by Oliver Bjorkstrand - Monsters : 0 - Senators : 3.
19:24 of 1st period - Christian Hanson wins face-off versus Christoph Bertschy in neutral zone.
19:27 of 1st period - Snap shot by Christian Hanson.
19:27 of 1st period - Stopped by Garret Sparks with a rebound.
19:29 of 1st period - Wrist shot by Ondrej Kase.
19:29 of 1st period - Deflect By Matt Calvert.
19:29 of 1st period - Stopped by Garret Sparks without a rebound.
19:30 of 1st period - Christian Hanson wins face-off versus Christoph Bertschy in Senators zone.
Goals for this period are 0 for Monsters vs 3 for Senators.
Shots for this period are 11 for Monsters vs 9 for Senators.

2nd period


0:01 of 2nd period - Christian Hanson wins face-off versus Christoph Bertschy in neutral zone.
0:21 of 2nd period - Zachary Sanford is hit by Ondrej Kase and loses puck.
0:32 of 2nd period - Austin Watson is hit by Jacob De La Rose and loses puck.
0:45 of 2nd period - Wrist shot by Oliver Bjorkstrand.
0:45 of 2nd period - Shot Misses the Net.
1:01 of 2nd period - Slapshot by Morgan Rielly.
1:01 of 2nd period - Shot Blocked by Scott Harrington.
1:03 of 2nd period - Slapshot by Morgan Rielly.
1:03 of 2nd period - Shot Blocked by Keegan Lowe.
1:05 of 2nd period - Slapshot by Morgan Rielly.
1:05 of 2nd period - Deflect By Joakim Nordstrom.
1:05 of 2nd period - Stopped by Garret Sparks with a rebound.
1:07 of 2nd period - Slapshot by Morgan Rielly.
1:07 of 2nd period - Stopped by Garret Sparks with a rebound.
1:25 of 2nd period - Snap shot by Patrik Laine.
1:25 of 2nd period - Shot Misses the Net.
1:27 of 2nd period - Slapshot by Dillon Heatherington.
1:27 of 2nd period - Stopped by Garret Sparks with a rebound.
1:42 of 2nd period - Ondrej Kase is hit by Jordan Schroeder and loses puck.
1:47 of 2nd period - Snap shot by Jordan Schroeder.
1:47 of 2nd period - Shot Misses the Net.
2:07 of 2nd period - Snap shot by Oliver Bjorkstrand.
2:07 of 2nd period - Shot Blocked by Ondrej Kase.
2:09 of 2nd period - Slapshot by Jonas Siegenthaler.
2:09 of 2nd period - Deflect By Ondrej Kase.
2:09 of 2nd period - Stopped by Eric Comrie without a rebound.
2:10 of 2nd period - Ryan Fitzgerald wins face-off versus Christoph Bertschy in Monsters zone.
2:19 of 2nd period - Wrist shot by Richard Nejezchleb.
2:19 of 2nd period - Shot Misses the Net.
2:45 of 2nd period - Wrist shot by A.J. Jenks.
2:45 of 2nd period - Shot Blocked by Austin Watson.
2:47 of 2nd period - Snap shot by Grant Besse.
2:47 of 2nd period - Shot Misses the Net.
2:57 of 2nd period - Snap shot by Joakim Nordstrom.
2:57 of 2nd period - Shot Blocked by Zemgus Girgensons.
3:01 of 2nd period - Wrist shot by Bobby Farnham.
3:01 of 2nd period - Stopped by Garret Sparks with a rebound.
3:43 of 2nd period - Minor Penalty to Joakim Nordstrom for Goalie Interference.
3:44 of 2nd period - Matt Calvert wins face-off versus Christoph Bertschy in Monsters zone.
3:55 of 2nd period - Slapshot by Zachary Sanford.
3:55 of 2nd period - Stopped by Eric Comrie without a rebound.
3:56 of 2nd period - Matt Calvert wins face-off versus Christoph Bertschy in Monsters zone.
5:15 of 2nd period - Austin Watson is hit by Michael Matheson and loses puck.
5:43 of 2nd period - Penalty to Joakim Nordstrom is over, Joakim Nordstrom is back on ice.
5:53 of 2nd period - Icing by Joakim Nordstrom.
5:54 of 2nd period - Kevin Rooney wins face-off versus Ondrej Kase in Monsters zone.
6:09 of 2nd period - Snap shot by Ondrej Kase.
6:09 of 2nd period - Goal by Ondrej Kase - Monsters : 1 - Senators : 3.
6:10 of 2nd period - Christian Hanson wins face-off versus Christoph Bertschy in neutral zone.
6:20 of 2nd period - Off-side.
6:21 of 2nd period - Christoph Bertschy wins face-off versus Christian Hanson in neutral zone.
6:34 of 2nd period - Snap shot by Christian Hanson.
6:34 of 2nd period - Deflect By Ondrej Kase.
6:34 of 2nd period - Shot Misses the Net.
6:34 of 2nd period - Puck is out of play.
6:35 of 2nd period - Christoph Bertschy wins face-off versus Christian Hanson in Senators zone.
6:40 of 2nd period - Morgan Rielly is hit by Zachary Sanford and loses puck.
7:09 of 2nd period - Wrist shot by Zemgus Girgensons.
7:09 of 2nd period - Stopped by Eric Comrie without a rebound.
7:10 of 2nd period - Jacob De La Rose wins face-off versus Ryan Fitzgerald in Monsters zone.
7:23 of 2nd period - Snap shot by Austin Watson.
7:23 of 2nd period - Goal by Austin Watson - Monsters : 2 - Senators : 3.
7:24 of 2nd period - Ondrej Kase wins face-off versus Christoph Bertschy in neutral zone.
7:27 of 2nd period - Slapshot by Aaron Ness.
7:27 of 2nd period - Stopped by Garret Sparks without a rebound.
7:28 of 2nd period - Christian Hanson wins face-off versus Christoph Bertschy in Senators zone.
7:29 of 2nd period - Snap shot by Ondrej Kase.
7:29 of 2nd period - Shot Misses the Net.
7:52 of 2nd period - Off-side.
7:53 of 2nd period - Austin Watson wins face-off versus Jacob De La Rose in neutral zone.
7:58 of 2nd period - Scott Harrington is hit by Matt Grzelcyk and loses puck.
9:21 of 2nd period - Aaron Ness is hit by Zemgus Girgensons and loses puck.
9:26 of 2nd period - Slapshot by Zemgus Girgensons.
9:26 of 2nd period - Stopped by Eric Comrie without a rebound.
9:27 of 2nd period - Christian Hanson wins face-off versus Christoph Bertschy in Monsters zone.
9:32 of 2nd period - Snap shot by Zachary Sanford.
9:32 of 2nd period - Stopped by Eric Comrie without a rebound.
9:33 of 2nd period - Christian Hanson wins face-off versus Christoph Bertschy in Monsters zone.
9:44 of 2nd period - Slapshot by Ondrej Kase.
9:44 of 2nd period - Stopped by Garret Sparks without a rebound.
9:45 of 2nd period - Christoph Bertschy wins face-off versus Christian Hanson in Senators zone.
10:10 of 2nd period - Grant Besse is hit by Bobby Farnham and loses puck.
10:49 of 2nd period - Slapshot by Dmitry Sinitsyn.
10:49 of 2nd period - Stopped by Eric Comrie with a rebound.
10:51 of 2nd period - Slapshot by Christoph Bertschy.
10:51 of 2nd period - Shot Misses the Net.
10:53 of 2nd period - Snap shot by Zachary Sanford.
10:53 of 2nd period - Stopped by Eric Comrie without a rebound.
10:54 of 2nd period - Christoph Bertschy wins face-off versus Christian Hanson in Monsters zone.
10:59 of 2nd period - Backhand shot by Christoph Bertschy.
10:59 of 2nd period - Goal by Christoph Bertschy - Monsters : 2 - Senators : 4.
10:59 of 2nd period - Phoenix Copley enters game.
11:00 of 2nd period - Christoph Bertschy wins face-off versus Christian Hanson in neutral zone.
11:25 of 2nd period - Keegan Lowe is hit by Joakim Nordstrom and loses puck.
11:34 of 2nd period - Slapshot by Matt Grzelcyk.
11:34 of 2nd period - Shot Misses the Net.
11:36 of 2nd period - Snap shot by Maxim Mamin.
11:36 of 2nd period - Shot Blocked by Christoph Bertschy.
11:38 of 2nd period - Slapshot by Matt Grzelcyk.
11:38 of 2nd period - Stopped by Garret Sparks with a rebound.
12:42 of 2nd period - Dmitry Sinitsyn is hit by Nathan Noel and loses puck.
12:54 of 2nd period - Icing by Dmitry Sinitsyn.
12:55 of 2nd period - Jacob De La Rose wins face-off versus Maxim Mamin in Senators zone.
13:11 of 2nd period - Off-side.
13:12 of 2nd period - Christian Hanson wins face-off versus Christoph Bertschy in neutral zone.
13:39 of 2nd period - Jacob De La Rose is hit by Austin Watson and loses puck.
13:44 of 2nd period - Wrist shot by Mitch Marner.
13:44 of 2nd period - Shot Misses the Net.
13:46 of 2nd period - Snap shot by Richard Nejezchleb.
13:46 of 2nd period - Deflect By Austin Watson.
13:46 of 2nd period - Goal by Austin Watson - Monsters : 3 - Senators : 4.
13:47 of 2nd period - Christoph Bertschy wins face-off versus Christian Hanson in neutral zone.
13:52 of 2nd period - Matt Calvert is hit by Michael Matheson and loses puck.
14:01 of 2nd period - Snap shot by Christoph Bertschy.
14:01 of 2nd period - Stopped by Phoenix Copley without a rebound.
14:02 of 2nd period - Christoph Bertschy wins face-off versus Ryan Fitzgerald in Monsters zone.
14:03 of 2nd period - Slapshot by Zachary Sanford.
14:03 of 2nd period - Stopped by Phoenix Copley without a rebound.
14:04 of 2nd period - Ryan Fitzgerald wins face-off versus Zachary Sanford in Monsters zone.
14:13 of 2nd period - Slapshot by Zachary Sanford.
14:13 of 2nd period - Stopped by Phoenix Copley without a rebound.
14:14 of 2nd period - Christoph Bertschy wins face-off versus Christian Hanson in Monsters zone.
14:27 of 2nd period - Snap shot by Christoph Bertschy.
14:27 of 2nd period - Deflect By Zachary Sanford.
14:27 of 2nd period - Shot Misses the Net.
14:27 of 2nd period - Puck is out of play.
14:28 of 2nd period - Christian Hanson wins face-off versus Christoph Bertschy in Monsters zone.
15:20 of 2nd period - Off-side.
15:21 of 2nd period - Jacob De La Rose wins face-off versus Maxim Mamin in neutral zone.
15:51 of 2nd period - Snap shot by Zemgus Girgensons.
15:51 of 2nd period - Goal by Zemgus Girgensons - Monsters : 3 - Senators : 5.
15:52 of 2nd period - Christoph Bertschy wins face-off versus Christian Hanson in neutral zone.
15:58 of 2nd period - Off-side.
15:59 of 2nd period - Christoph Bertschy wins face-off versus Ondrej Kase in neutral zone.
16:33 of 2nd period - Icing by Joonas Lyytinen.
16:34 of 2nd period - Christian Hanson wins face-off versus Jacob De La Rose in Senators zone.
16:49 of 2nd period - Wrist shot by Ondrej Kase.
16:49 of 2nd period - Shot Misses the Net.
16:58 of 2nd period - Off-side.
16:59 of 2nd period - Christoph Bertschy wins face-off versus Austin Watson in neutral zone.
17:47 of 2nd period - Off-side.
17:48 of 2nd period - Christian Hanson wins face-off versus Jordan Schroeder in neutral zone.
18:01 of 2nd period - Snap shot by Christian Hanson.
18:01 of 2nd period - Shot Misses the Net.
18:03 of 2nd period - Snap shot by Ondrej Kase.
18:03 of 2nd period - Stopped by Garret Sparks without a rebound.
18:04 of 2nd period - Maxim Mamin wins face-off versus Christoph Bertschy in Senators zone.
18:14 of 2nd period - Minor Penalty to Richard Nejezchleb for Tripping.
18:15 of 2nd period - Matt Calvert wins face-off versus Christoph Bertschy in Monsters zone.
18:23 of 2nd period - Christian Hanson is hit by Tomas Jurco.
18:49 of 2nd period - Wrist shot by Oliver Bjorkstrand.
18:49 of 2nd period - Deflect By Aaron Ness.
18:49 of 2nd period - Goal by Oliver Bjorkstrand - Monsters : 3 - Senators : 6.
18:50 of 2nd period - Christian Hanson wins face-off versus Tomas Jurco in neutral zone.
19:05 of 2nd period - Aaron Ness is hit by Zachary Sanford and loses puck.
19:22 of 2nd period - Slapshot by Morgan Rielly.
19:22 of 2nd period - Stopped by Garret Sparks with a rebound.
19:24 of 2nd period - Snap shot by Ryan Fitzgerald.
19:24 of 2nd period - Stopped by Garret Sparks without a rebound.
19:25 of 2nd period - Ryan Fitzgerald wins face-off versus Jacob De La Rose in Senators zone.
19:50 of 2nd period - Zachary Sanford is hit by Matt Calvert and loses puck.
19:55 of 2nd period - Wrist shot by Matt Calvert.
19:55 of 2nd period - Stopped by Garret Sparks without a rebound.
19:56 of 2nd period - Christoph Bertschy wins face-off versus Ondrej Kase in Senators zone.
Goals for this period are 3 for Monsters vs 3 for Senators.
Shots for this period are 14 for Monsters vs 13 for Senators.

3rd period


0:01 of 3rd period - Christian Hanson wins face-off versus Christoph Bertschy in neutral zone.
0:04 of 3rd period - Slapshot by Ondrej Kase.
0:04 of 3rd period - Stopped by Garret Sparks with a rebound.
0:06 of 3rd period - Wrist shot by Aaron Ness.
0:06 of 3rd period - Shot Blocked by Tomas Jurco.
0:26 of 3rd period - Wrist shot by Bobby Farnham.
0:26 of 3rd period - Stopped by Garret Sparks with a rebound.
0:28 of 3rd period - Slapshot by Matt Grzelcyk.
0:28 of 3rd period - Stopped by Garret Sparks with a rebound.
1:17 of 3rd period - Snap shot by Patrik Laine.
1:17 of 3rd period - Stopped by Garret Sparks without a rebound.
1:18 of 3rd period - Christian Hanson wins face-off versus Christoph Bertschy in Senators zone.
1:25 of 3rd period - Slapshot by Zachary Sanford.
1:25 of 3rd period - Shot Blocked by Richard Nejezchleb.
1:27 of 3rd period - Slapshot by Christoph Bertschy.
1:27 of 3rd period - Goal by Christoph Bertschy - Monsters : 3 - Senators : 7.
1:28 of 3rd period - Christoph Bertschy wins face-off versus Christian Hanson in neutral zone.
1:37 of 3rd period - Backhand shot by Zachary Sanford.
1:37 of 3rd period - Stopped by Phoenix Copley with a rebound.
2:02 of 3rd period - Morgan Rielly is hit by Zemgus Girgensons and loses puck.
2:37 of 3rd period - Wrist shot by Kevin Rooney.
2:37 of 3rd period - Shot Misses the Net.
3:21 of 3rd period - Wrist shot by Bobby Farnham.
3:21 of 3rd period - Shot Misses the Net.
3:55 of 3rd period - Austin Watson is hit by Michael Matheson.
4:05 of 3rd period - Slapshot by Kevin Rooney.
4:05 of 3rd period - Stopped by Phoenix Copley without a rebound.
4:06 of 3rd period - Christian Hanson wins face-off versus Kevin Rooney in Monsters zone.
4:08 of 3rd period - Minor Penalty to Ondrej Kase for Interference.
4:09 of 3rd period - Christoph Bertschy wins face-off versus Matt Calvert in Monsters zone.
4:25 of 3rd period - Wrist shot by Zachary Sanford.
4:25 of 3rd period - Shot Misses the Net.
4:35 of 3rd period - Matt Calvert is hit by Jacob De La Rose and loses puck.
5:54 of 3rd period - Jacob De La Rose is hit by Mitch Marner and loses puck.
6:08 of 3rd period - Penalty to Ondrej Kase is over, Ondrej Kase is back on ice.
6:23 of 3rd period - Snap shot by Nathan Noel.
6:23 of 3rd period - Stopped by Garret Sparks with a rebound.
6:35 of 3rd period - Scott Harrington is hit by Mitch Marner.
6:39 of 3rd period - Mitch Marner is hit by Jordan Schroeder and loses puck.
7:06 of 3rd period - Wrist shot by Maxim Mamin.
7:06 of 3rd period - Shot Blocked by Nikita Nesterov.
7:16 of 3rd period - Joonas Lyytinen is hit by Ondrej Kase and loses puck.
7:25 of 3rd period - Dillon Heatherington is hit by Nikita Nesterov and loses puck.
7:47 of 3rd period - Wrist shot by Vitaly Abramov.
7:47 of 3rd period - Stopped by Phoenix Copley with a rebound.
7:49 of 3rd period - Slapshot by Nikita Nesterov.
7:49 of 3rd period - Shot Blocked by Bobby Farnham.
8:09 of 3rd period - Snap shot by Oliver Bjorkstrand.
8:09 of 3rd period - Stopped by Phoenix Copley without a rebound.
8:10 of 3rd period - Jacob De La Rose wins face-off versus Ryan Fitzgerald in Monsters zone.
8:23 of 3rd period - Snap shot by Ryan Fitzgerald.
8:23 of 3rd period - Goal by Ryan Fitzgerald - Monsters : 4 - Senators : 7.
8:24 of 3rd period - Christian Hanson wins face-off versus Christoph Bertschy in neutral zone.
8:51 of 3rd period - Ryan Fitzgerald is hit by Dmitry Sinitsyn.
9:09 of 3rd period - Jordan Schroeder is hit by Joakim Nordstrom and loses puck.
9:32 of 3rd period - Snap shot by Zachary Sanford.
9:32 of 3rd period - Stopped by Phoenix Copley without a rebound.
9:33 of 3rd period - Christoph Bertschy wins face-off versus Christian Hanson in Monsters zone.
9:43 of 3rd period - Off-side.
9:44 of 3rd period - Christoph Bertschy wins face-off versus Christian Hanson in neutral zone.
10:14 of 3rd period - Morgan Rielly is hit by Zemgus Girgensons and loses puck.
11:21 of 3rd period - Dillon Heatherington is hit by Tomas Jurco and loses puck.
11:32 of 3rd period - Snap shot by Mitch Marner.
11:32 of 3rd period - Deflect By Austin Watson.
11:32 of 3rd period - Stopped by Garret Sparks with a rebound.
11:34 of 3rd period - Slapshot by Matt Grzelcyk.
11:34 of 3rd period - Shot Blocked by Michael Matheson.
11:36 of 3rd period - Slapshot by Matt Grzelcyk.
11:36 of 3rd period - Deflect By Mitch Marner.
11:36 of 3rd period - Shot Misses the Net.
11:36 of 3rd period - Puck is out of play.
11:37 of 3rd period - Ryan Fitzgerald wins face-off versus Christoph Bertschy in Senators zone.
11:46 of 3rd period - Wrist shot by Mitch Marner.
11:46 of 3rd period - Stopped by Garret Sparks with a rebound.
12:25 of 3rd period - Snap shot by A.J. Jenks.
12:25 of 3rd period - Stopped by Phoenix Copley with a rebound.
12:27 of 3rd period - Snap shot by Michael Matheson.
12:27 of 3rd period - Shot Misses the Net.
12:29 of 3rd period - Snap shot by A.J. Jenks.
12:29 of 3rd period - Stopped by Phoenix Copley with a rebound.
12:35 of 3rd period - Slapshot by Dmitry Sinitsyn.
12:35 of 3rd period - Shot Misses the Net.
12:37 of 3rd period - Slapshot by Dmitry Sinitsyn.
12:37 of 3rd period - Deflect By A.J. Jenks.
12:37 of 3rd period - Goal by A.J. Jenks - Monsters : 4 - Senators : 8.
12:38 of 3rd period - Christoph Bertschy wins face-off versus Christian Hanson in neutral zone.
13:30 of 3rd period - Dillon Heatherington is hit by Grant Besse and loses puck.
13:39 of 3rd period - Slapshot by Jordan Schroeder.
13:39 of 3rd period - Stopped by Phoenix Copley with a rebound.
14:29 of 3rd period - Slapshot by Scott Harrington.
14:29 of 3rd period - Shot Misses the Net.
14:37 of 3rd period - Slapshot by Zemgus Girgensons.
14:37 of 3rd period - Shot Misses the Net.
14:49 of 3rd period - Dmitry Sinitsyn is hit by Patrik Laine and loses puck.
15:29 of 3rd period - Icing by Michael Matheson.
15:30 of 3rd period - Kevin Rooney wins face-off versus Nathan Noel in Senators zone.
15:37 of 3rd period - Snap shot by Christoph Bertschy.
15:37 of 3rd period - Shot Blocked by Dillon Heatherington.
15:57 of 3rd period - Snap shot by Zemgus Girgensons.
15:57 of 3rd period - Stopped by Phoenix Copley without a rebound.
15:58 of 3rd period - Zemgus Girgensons wins face-off versus Christian Hanson in Monsters zone.
17:09 of 3rd period - Aaron Ness is hit by Scott Harrington and loses puck.
17:50 of 3rd period - Slapshot by Matt Calvert.
17:50 of 3rd period - Stopped by Garret Sparks with a rebound.
17:52 of 3rd period - Wrist shot by Matt Calvert.
17:52 of 3rd period - Shot Misses the Net.
18:02 of 3rd period - Joonas Lyytinen is hit by Austin Watson and loses puck.
18:09 of 3rd period - Snap shot by Mitch Marner.
18:09 of 3rd period - Stopped by Garret Sparks without a rebound.
18:10 of 3rd period - Christian Hanson wins face-off versus Christoph Bertschy in Senators zone.
18:22 of 3rd period - Michael Matheson is hit by Ondrej Kase and loses puck.
18:35 of 3rd period - Slapshot by Zemgus Girgensons.
18:35 of 3rd period - Shot Blocked by Richard Nejezchleb.
19:11 of 3rd period - Snap shot by Jordan Schroeder.
19:11 of 3rd period - Stopped by Phoenix Copley without a rebound.
19:12 of 3rd period - Ondrej Kase wins face-off versus Christoph Bertschy in Monsters zone.
19:21 of 3rd period - Snap shot by Ondrej Kase.
19:21 of 3rd period - Stopped by Garret Sparks without a rebound.
19:22 of 3rd period - Christoph Bertschy wins face-off versus Ondrej Kase in Senators zone.
19:29 of 3rd period - Christian Hanson is hit by Tomas Jurco and loses puck.
19:36 of 3rd period - Slapshot by Matt Grzelcyk.
19:36 of 3rd period - Stopped by Garret Sparks with a rebound.
Goals for this period are 1 for Monsters vs 2 for Senators.
Shots for this period are 12 for Monsters vs 12 for Senators.